 Dungeon Crawl Stone Soup version 0.20.1-1-g8b1a95d (webtiles) character file.

277 slep the Skirmisher (level 6, 0/51 HPs)
             Began as a Demonspawn Wanderer on Oct 21, 2017.
             Slain by coleonyx's ghost (6 damage)
             ... on level 4 of the Dungeon.
             The game lasted 00:15:57 (2294 turns).

slep the Skirmisher (Demonspawn Wanderer)           Turns: 2294, Time: 00:15:57

Health: 0/51       AC:  5    Str: 15    XL:     6   Next: 4%
Magic:  0/6        EV: 12    Int: 12    God:
Gold:   191        SH:  0    Dex: 13    Spells: 5/5 levels left

rFire    . . .     SeeInvis .   a - +2 falchion
rCold    . . .     Gourm    .   (no shield)
rNeg     . . .     Faith    .   o - +0 ring mail
rPois    .         Spirit   +   (no helmet)
rElec    .         Reflect  .   (no cloak)
rCorr    .         Harm     .   (no gloves)
MR       .....                  (no boots)
Stlth    +.........             (no amulet)
Regen    0.2/turn               (no ring)
MPRegen  0.1/turn               (no ring)

@: no status effects
A: talons 1, magic shield, sturdy frame 2
a: no special abilities


You were on level 4 of the Dungeon.
You were hungry.

You visited 1 branch of the dungeon, and saw 4 of its levels.

You collected 191 gold pieces.

Inventory:

Hand Weapons
 a - a +2 falchion (weapon)
 b - a +0 mace
 i - a +1 hunting sling of freezing
 l - a +1 vampiric dagger
Missiles
 q - 4 javelins of penetration (quivered)
 u - 7 javelins
Armour
 d - a +0 robe
 o - a +0 ring mail (worn)
Wands
 v - a wand of confusion (21/48)
 w - a wand of lightning (8/15)
Scrolls
 e - 2 scrolls of immolation {unknown}
 g - 4 scrolls of teleportation {unknown}
 h - 2 scrolls of identify {unknown}
 j - 3 scrolls of amnesia {unknown}
 k - 2 scrolls of blinking {unknown}
 m - 4 scrolls of remove curse {unknown}
 r - a scroll of fear {unknown}
 y - a scroll of magic mapping {unknown}
Potions
 c - a potion of lignification
 n - 2 potions of heal wounds
 s - a potion of invisibility
 t - a potion of resistance
 x - 2 potions of curing
Comestibles
 f - a bread ration
 z - a royal jelly
 A - 3 meat rations


   Skills:
 + Level 5.1 Fighting
 + Level 4.3 Long Blades
 + Level 1.9 Throwing
 + Level 1.5 Armour
 + Level 1.8 Dodging
 + Level 0.8 Stealth


You had 5 spell levels left.
You didn't know any spells.

Dungeon Overview and Level Annotations

Branches:
Dungeon (4/15)
 Temple: D:4-7

Altars:

Annotations:
D:4 coleonyx's ghost, amateur MiBe


Innate Abilities, Weirdness & Mutations

You have sharp toenails.
When hurt, damage is shared between your health and your magic reserves.
Your movements are less encumbered by armour. (ER -4)


Message History

Coleonyx's ghost is lightly damaged.
Coleonyx's ghost hits you.
You barely miss coleonyx's ghost.
Coleonyx's ghost is lightly damaged.
Coleonyx's ghost barely misses you.
You barely miss coleonyx's ghost. You claw coleonyx's ghost.
Coleonyx's ghost is lightly damaged.
Coleonyx's ghost hits you!
* * * LOW HITPOINT WARNING * * *
You barely miss coleonyx's ghost. Your kick misses coleonyx's ghost.
Coleonyx's ghost is lightly damaged.
Coleonyx's ghost hits you!
* * * LOW HITPOINT WARNING * * *
There is an open door here.
You are feeling hungry.
Found a potion of curing.
There is an escape hatch in the ceiling here.
Coleonyx's ghost whispers, "The ORB doesn't exist."
Coleonyx's ghost hits you!
You die...

#.# #.# ##.## #.#
##...### #.#
#......## #.#
##....#.## #.#
##..###.######.#
!######.## ##.......#
.......W.###.########
#######@#.#.##
#.##.## #.#### #.#
#.# #.# #.. ..#


You could see coleonyx's ghost.

Vanquished Creatures
  Grinder (D:3)
  4 adders
  A worm (D:2)
  3 dart slugs
  4 leopard geckos
  An orc (D:3)
  3 giant cockroaches
  5 goblins
  7 hobgoblins
  7 jackals
  A quokka (D:3)
  2 ball pythons
  5 bats
  2 frilled lizards
  2 kobolds
  4 rats
52 creatures vanquished.

Notes
Turn   | Place    | Note
-------+----------+-------------------------------------------
     0 | D:1      | slep the Demonspawn Wanderer began the quest for the Orb.
     0 | D:1      | slep set off with: a +2 falchion, a +0 mace, a potion of lignification, a +0 robe, a bread ration
     0 | D:1      | Reached XP level 1. HP: 19/19 MP: 1/1
   106 | D:1      | Gained mutation: When hurt, damage is shared between your health and your magic reserves. [demonic ancestry]
   106 | D:1      | Reached XP level 2. HP: 23/26 MP: 2/2
   512 | D:1      | Gained mutation: Your movements are slightly less encumbered by armour. (ER -2) [demonic ancestry]
   512 | D:1      | Reached XP level 3. HP: 21/31 MP: 3/3
  1600 | D:3      | Noticed Grinder
  1606 | D:3      | Gained mutation: Your movements are less encumbered by armour. (ER -4) [demonic ancestry]
  1606 | D:3      | Reached XP level 4. HP: 27/38 MP: 2/4
  1617 | D:3      | HP: 1/38 [Grinder/nerve-wracking pain (4)]
  1619 | D:3      | Killed Grinder
  1619 | D:3      | Reached skill level 5 in Fighting
  1619 | D:3      | Gained mutation: You have sharp toenails. [demonic ancestry]
  1619 | D:3      | Reached XP level 5. HP: 2/44 MP: 0/5
  1809 | D:3      | Reached XP level 6. HP: 14/51 MP: 4/6
  2266 | D:4      | Noticed coleonyx's ghost (amateur MiBe)
  2294 | D:4      | Slain by coleonyx's ghost

Skill      XL: |  1  2  3  4 |
---------------+-------------+-----
Long Blades    | 2 4 |  4.3
Fighting       | 5 |  5.1
Throwing       | |  1.9
Armour         | |  1.5
Dodging        | |  1.8
Stealth        | |  0.8

Action                   |  1- 3 |  4- 6 || total
-------------------------+-------+-------++-------
Melee: Falchion          |   108 |    38 ||   146
       Kick              |       |     8 ||     8
  Use: Potion            |     9 |       ||     9
  Eat: Chunk             |     2 |     2 ||     4
Armor: Robe              |     4 |       ||     4
       Ring mail         |    22 |     7 ||    29
Dodge: Dodged            |    72 |    19 ||    91
       Rpst.: Falchion   |    24 |     5 ||    29
